 Dungeon Crawl Stone Soup version 0.31-a0-182-gc5ef74bbde (webtiles) character file.

Game seed: 863222338155415465

2633 runemasterragnar the Trooper (level 9, -8/71 HPs)
             Began as a Demonspawn Fighter on June 21, 2023.
             Was a Follower of Makhleb.
             Mangled by Joseph
             ... wielding a +2 spectral quarterstaff
              (12 damage)
             ... on level 7 of the Dungeon.
             The game lasted 00:09:55 (5835 turns).

runemasterragnar the Trooper (Demonspawn Fighter)   Turns: 5835, Time: 00:09:56

Health: -8/71      AC: 13    Str: 24    XL:     9   Next: 35%
Magic:  9/9        EV:  9    Int:  9    God:    Makhleb [*.....]
Gold:   232        SH:  8    Dex:  8    Spells: 8/8 levels left

rFire   . .          .
                       - Unarmed
rCold   . . .        s - +0 kite shield
rNeg    . . .        a - +0 scale mail
rPois   +            o - +0 helmet
rElec   +            n - +0 cloak
rCorr   .            (no gloves)
SInv    .            (no boots)
Will    .....        (no amulet) Stlth
                     i - ring of poison resistance
HPRegen 0.31/turn    w - ring "Xoc Icyu" {rElec rPois Str+3 Dex-5 Slay+4}
MPRegen 0.11/turn

%: no passive effects
@: no status effects
A: claws 2, yellow scales 2, powered by death 2
a: Renounce Religion


You were on level 7 of the Dungeon.
You worshipped Makhleb.
Makhleb was aware of your devotion.
You visited 2 branches of the dungeon, and saw 8 of its levels.

You collected 232 gold pieces.

Inventory:

Hand Weapons
 g - a +6 dagger of draining
 v - a +0 orcbow
Missiles
 h - 2 javelins
Armour
 a - a +0 scale mail (worn)
 n - a +0 cloak (worn)
 o - a +0 helmet (worn)
 s - a +0 kite shield (worn)
Jewellery
 c - a ring of resist corrosion
 i - a ring of poison resistance (left claw)
 t - an amulet of faith
 w - the ring "Xoc Icyu" (right claw) {rElec rPois Str+3 Dex-5 Slay+4}
   (You found it on level 6 of the Dungeon)

   [ring of slaying]

   Str:       It affects your strength (+3).
   Dex:       It affects your dexterity (-5).
   Slay:      It affects your accuracy & damage with ranged weapons and melee
   (+4).
   rElec:     It insulates you from electricity.
   rPois:     It protects you from poison.
Wands
 b - a wand of paralysis (6)
 x - a wand of digging (6)
Scrolls
 d - 6 scrolls of teleportation
 f - a scroll of torment
 j - a scroll of enchant weapon
 l - a scroll of summoning
 m - a scroll of enchant armour {unknown}
 p - 2 scrolls of noise
 q - a scroll of fog {unknown}
 r - a scroll of blinking
 u - a scroll of amnesia
Potions
 e - 5 potions of curing
 k - a potion of magic
 z - a potion of cancellation {unknown}


   Skills:
 + Level 6.7 Fighting
 + Level 6.1 Armour
 + Level 6.1 Shields
 + Level 5.8 Unarmed Combat
 + Level 3.9 Evocations


You had 8 spell levels left.
You didn't know any spells.
Your spell library contained the following spells:

 Spells                   Type           Power      Damage    Failure   Level
 Slow                     Hex            0%         N/A       88%         1
 Ensorcelled Hibernation  Hex/Ice        0%         N/A       95%         2
 Confusing Touch          Hex            0%         N/A       99%         3
 Spider Form              Tmut/Pois      0%         N/A       99%         3
 Vampiric Draining        Necr           0%         2d6       99%         3
 Anguish                  Hex/Necr       0%         N/A       100%        4


Dungeon Overview and Level Annotations

Branches:
Dungeon (7/15)             Temple (1/1) D:5

Altars:
Ashenzari
Gozag
Kikubaaqudgha
Makhleb
Nemelex Xobeh
Okawaru
Ru
Sif Muna
Trog
Uskayaw
Xom

Shops:
D:2 [   D:3 !

Annotations:
D:3 3 runed translucent doors, rogueadept's ghost, amateur HuCj
D:7 Joseph


Innate Abilities, Weirdness & Mutations

You have very sharp fingernails.
You are mostly covered in yellow scales. (AC +3)
You regenerate health from kills.


Message History

You block Joseph's attack.
You claw Joseph!
Joseph is heavily wounded.
Joseph hits you with a +2 spectral quarterstaff.
You claw Joseph!
Joseph is severely wounded.
Joseph hits you with a +2 spectral quarterstaff!
You closely miss Joseph.
Joseph is severely wounded.
Joseph hits you with a +2 spectral quarterstaff!
You barely miss Joseph.
Joseph is severely wounded.
Joseph hits you but does no damage.
You closely miss Joseph.
Joseph is severely wounded.
Joseph hits you with a +2 spectral quarterstaff.
* * * LOW HITPOINT WARNING * * *
You barely miss Joseph.
Joseph is severely wounded.
Joseph hits you with a +2 spectral quarterstaff!
* * * LOW HITPOINT WARNING * * *
Aiming: Paralyse
Press: ? - help, Shift-Dir - straight line, f - Joseph
Aim: Joseph, wielding a +2 spectral quarterstaff and wearing a +0 leather armour of cold resistance (severely wounded, chance to affect: 41%)
Okay, then.
You feel better. You block Joseph's attack.
You claw Joseph!
Joseph is almost dead.
Joseph hits you but does no damage.
You barely miss Joseph.
Joseph is almost dead.
Joseph hits you with a +2 spectral quarterstaff!!
* * * LOW HITPOINT WARNING * * *
You barely miss Joseph.
Joseph is almost dead.
Joseph hits you but does no damage.
You barely miss Joseph.
Joseph is almost dead.
Joseph hits you with a +2 spectral quarterstaff!
You die...

####+#.
.......
#####.......
+@.....f....
#.###.####.##
#@# #####@#
#.....#
#.########
#.........
#.######## #.#
#.#
############.#
))...........#


You could see Joseph.

Vanquished Creatures
  Pikel (D:7)
  Edmund (D:5)
  A sky beast (D:6)
  2 orc warriors
  3 black bears
  2 ogres
  A lemure (D:7)
  2 scorpions (D:5)
  4 wights
  A howler monkey (D:6)
  Crazy Yiuf (D:2)
  5 hounds
  8 orc priests
  Ijyb (D:3)
  2 sleepcaps
  An iguana (D:6)
  8 orc wizards
  7 gnolls
  9 adders
  4 white imps
  2 worms (D:3)
  6 dart slugs
  16 orcs
  5 endoplasms
  3 giant cockroaches
  8 goblins
  5 hobgoblins
  12 jackals
  2 quokkas
  4 ball pythons
  7 bats
  2 frilled lizards (D:2)
  6 kobolds
  3 rats
145 creatures vanquished.

Notes
Turn   | Place    | Note
-------+----------+-------------------------------------------
     0 | D:1      | runemasterragnar the Demonspawn Fighter began the quest for
                  | the Orb.
     0 | D:1      | Reached XP level 1. HP: 18/18 MP: 1/1
   371 | D:1      | Gained mutation: You have sharp fingernails. [demonic
                  | ancestry]
   371 | D:1      | Reached XP level 2. HP: 24/24 MP: 2/2
   792 | D:2      | Gained mutation: You are partially covered in yellow
                  | scales. (AC +2) [demonic ancestry]
   792 | D:2      | Reached XP level 3. HP: 29/29 MP: 3/3
   813 | D:2      | Found a runed translucent door.
   814 | D:2      | Noticed Crazy Yiuf
  1002 | D:2      | Gained mutation: You regenerate a little health from kills.
                  | [demonic ancestry]
  1002 | D:2      | Reached XP level 4. HP: 33/35 MP: 4/4
  1367 | D:2      | Found Paadyph's Armour Shoppe.
  1631 | D:2      | Killed Crazy Yiuf
  1632 | D:2      | Reached XP level 5. HP: 39/42 MP: 5/5
  1776 | D:3      | Found a runed translucent gate.
  1778 | D:3      | Found a runed translucent gate.
  1778 | D:3      | Found a runed translucent gate.
  1853 | D:3      | Noticed rogueadept's ghost (amateur HuCj)
  1879 | D:3      | Noticed Ijyb
  1880 | D:3      | Paralysed by Ijyb for 2 turns
  1890 | D:3      | Killed Ijyb
  2170 | D:3      | Found Fyobual's Distillery.
  2395 | D:4      | Reached XP level 6. HP: 34/48 MP: 6/6
  3162 | D:5      | Entered Level 5 of the Dungeon
  3179 | D:5      | Gained mutation: You regenerate health from kills. [demonic
                  | ancestry]
  3179 | D:5      | Reached XP level 7. HP: 42/55 MP: 7/7
  3482 | D:5      | Reached skill level 5 in Fighting
  3555 | D:5      | Noticed Edmund
  3573 | D:5      | Killed Edmund
  3594 | D:5      | Reached skill level 1 in Evocations
  3594 | D:5      | Gained mutation: You are mostly covered in yellow scales.
                  | (AC +3) [demonic ancestry]
  3594 | D:5      | Reached XP level 8. HP: 57/63 MP: 8/8
  3642 | D:4      | Reached skill level 5 in Armour
  3695 | D:5      | Reached skill level 5 in Shields
  3750 | D:5      | Found an ancient bone altar of Kikubaaqudgha.
  3785 | D:5      | Found a staircase to the Ecumenical Temple.
  3872 | Temple   | Entered the Ecumenical Temple
  3887 | Temple   | Became a worshipper of Makhleb the Destroyer
  4442 | D:6      | Reached skill level 5 in Unarmed Combat
  4822 | D:6      | Identified the ring "Xoc Icyu" {rElec rPois Str+3 Dex-5
                  | Slay+4}
  5168 | D:6      | Gained mutation: You have very sharp fingernails. [demonic
                  | ancestry]
  5168 | D:6      | Reached XP level 9. HP: 34/69 MP: 9/9
  5284 | D:6      | Reached * piety under Makhleb
  5464 | D:7      | Noticed Pikel
  5512 | D:7      | Killed Pikel
  5666 | D:7      | Found an iron altar of Okawaru.
  5806 | D:7      | Noticed Joseph
  5835 | D:7      | Mangled by Joseph

Illustrated notes

Levels and vault maps discovered:
D:1:      dpeg_arrival_tiny_d, layout_basic, hangedman_decor_clover_reticule,
          minmay_small_reverse_x
D:2:      layout_basic, serial_shops, shop, st_stairs_1, uniq_crazy_yiuf_cottage
D:3:      layout_rooms, serial_shops, nicolae_shop_tiny_real_fake_doors,
          gammafunk_ghost_necromancy, uniq_ijyb
D:4:      layout_basic, serial_bayou_pond_a, grunt_decor_clamped
D:5:      layout_gridville, kiku_gazebo_garden_becter,
          minmay_temple_entry_trees, kennysheep_small_circle, uniq_edmund
D:6:      layout_rooms
D:7:      layout_basic, mainiacjoe_overflow_small_starburst,
          nrook_pool_corridor, nrook_campfire, uniq_joseph, uniq_pikel
Temple:   hellmonk_temple_of_storms

Skill      XL: |  1  2  3  4  5  6  7  8  9 |
---------------+----------------------------+-----
Unarmed Combat | 2 3 4 5 |  5.8
Shields        | 3 4 5 6 |  6.1
Armour         | 3 4 5 6 |  6.1
Fighting       | 4 5 6 |  6.7
Evocations     | 1 3 |  3.9

Action                     |  1- 3 |  4- 6 |  7- 9 || total
---------------------------+-------+-------+-------++-------
  Melee: Unarmed           |   123 |   208 |   337 ||   668
  Evoke: Wand              |       |       |     2 ||     2
    Use: Scroll            |       |    10 |     2 ||    12
         Potion            |       |     3 |     7 ||    10
   Stab: Paralysed         |       |       |    16 ||    16
 Armour: Scale mail        |    70 |   104 |   175 ||   349
         Skin              |       |    10 |       ||    10
  Dodge: Dodged            |    45 |    71 |    77 ||   193
  Block: Buckler           |    29 |       |       ||    29
         Kite shield       |       |   115 |   139 ||   254

Table legend: (Time is in decaauts)
 A = Elapsed time spent in this place.
 B = Non-inter-level travel time spent in this place.
 C = Inter-level travel time spent in this place.
 D = Time resting spent in this place.
 E = Time spent auto-exploring this place.
 F = Levels seen in this place.
 G = Mean time per level.
                   A        B        C        D        E       F      G
               +--------+--------+--------+--------+--------+-----+--------+
         Total |   5866 |   5654 |    212 |    507 |   3600 |   8 |  733.2 |
       Dungeon |   5842 |   5630 |    212 |    507 |   3600 |   7 |  834.6 |
        Temple |     23 |     23 |      0 |      0 |      0 |   1 |   23.0 |
               +--------+--------+--------+--------+--------+-----+--------+

Top non-repeatable levels by time:
     D:5: 1493 daAuts
     D:2: 982 daAuts
     D:4: 860 daAuts
     D:1: 786 daAuts
     D:6: 721 daAuts
     D:3: 618 daAuts
     D:7: 379 daAuts
  Temple: 23 daAuts
